 Dungeon Crawl Stone Soup version 0.21.0-3-g78d12a8 (webtiles) character file.

38 ScottishVillain the Poker (level 3, 0/31 HPs)
             Began as a Gnoll Wanderer on Jan 12, 2018.
             Slain by a gnoll
             ... wielding a +0 spear
              (8 damage)
             ... on level 2 of the Dungeon.
             The game lasted 00:15:36 (1493 turns).

ScottishVillain the Poker (Gnoll Wanderer)          Turns: 1493, Time: 00:15:36

Health: 0/31       AC:  5    Str: 15    XL:     3   Next: 43%
Magic:  7/7        EV: 13    Int: 11    God:
Gold:   84         SH:  0    Dex: 17    Spells: 7/7 levels left

rFire    + . .     SeeInvis .   n - +1 short sword
rCold    . . .     Gourm    .   (no shield)
rNeg     . . .     Faith    .   p - +0 robe (curse)
rPois    .         Spirit   .   (no helmet)
rElec    .         Reflect  .   (no cloak)
rCorr    .         Harm     .   k - +2 pair of gloves
MR       .....                  (no boots)
Stlth    ++........             (no amulet)
HPRegen  0.10/turn              m - ring of protection from fire
MPRegen  0.10/turn              (no ring)

@: no status effects
A: distributed training, fangs 1, strong nose
a: no special abilities


You were on level 2 of the Dungeon.
You were not hungry.

You visited 1 branch of the dungeon, and saw 2 of its levels.

You collected 84 gold pieces.

Inventory:

Hand Weapons
 g - a +0 hand axe
 n - a +1 short sword (weapon)
Missiles
 j - 21 bolts
Armour
 d - a +0 robe
 e - a +0 scale mail
 k - a +2 pair of gloves (worn)
 p - a cursed +0 robe (worn)
Jewellery
 m - a ring of protection from fire (left hand)
Wands
 a - a wand of enslavement (10)
Scrolls
 h - a scroll of fear
 l - a scroll of identify
Potions
 i - a potion of curing {unknown}
 o - a potion of flight {unknown}
Books
 b - the Almanac of Unholy Secrets

   Spells                             Type                      Level
   a - Animate Skeleton               Necromancy                   1
   b - Regeneration                   Charms/Necromancy            3
 c - the Guide on Ice

   Spells                             Type                      Level
   a - Freeze                         Ice                          1
   b - Ozocubu's Armour               Charms/Ice                   3
Comestibles
 f - 2 rations


   Skills:
 + Level 4.5 Fighting
 + Level 0.7 Short Blades
 + Level 0.7 Long Blades
 + Level 0.7 Axes
 + Level 0.7 Maces & Flails
 + Level 4.5 Polearms
 + Level 0.7 Staves
 + Level 0.7 Slings
 + Level 0.7 Bows
 + Level 0.7 Crossbows
 + Level 0.7 Throwing
 + Level 0.7 Armour
 + Level 2.6 Dodging
 + Level 0.7 Stealth
 + Level 2.6 Shields
 + Level 0.7 Unarmed Combat
 + Level 2.8 Spellcasting
 + Level 0.5 Conjurations
 + Level 0.5 Hexes
 + Level 0.5 Charms
 + Level 0.5 Summonings
 + Level 0.5 Necromancy
 + Level 0.5 Translocations
 + Level 0.5 Transmutations
 + Level 2.1 Fire Magic
 + Level 2.1 Ice Magic
 + Level 0.5 Air Magic
 + Level 0.5 Earth Magic
 + Level 0.5 Poison Magic
 + Level 0.9 Invocations
 + Level 2.6 Evocations


You had 7 spell levels left.
You didn't know any spells.

Dungeon Overview and Level Annotations

Branches:
Dungeon (2/15)

Altars:


Innate Abilities, Weirdness & Mutations

Your experience applies equally to all skills.
You have very sharp teeth.
Your uncanny sense of smell can sniff out nearby items.


Message History

The gnoll hits you but does no damage. The giant cockroach barely misses you.
The gnoll hits you from afar with a spear!
You closely miss the giant cockroach. You bite the giant cockroach.
The giant cockroach is moderately wounded.
The giant cockroach closely misses you. The giant cockroach misses you.
The gnoll barely misses you.
You barely miss the giant cockroach.
The giant cockroach is moderately wounded.
The giant cockroach closely misses you. The gnoll misses you.
You completely miss the giant cockroach.
You punch the giant cockroach, but do no damage.
The giant cockroach is moderately wounded.
The giant cockroach bites you but does no damage.
The gnoll hits you from afar with a spear.
* * * LOW HITPOINT WARNING * * *
You closely miss the giant cockroach.
The giant cockroach is moderately wounded.
The giant cockroach closely misses you.
The gnoll hits you from afar with a spear!
You die...

∆ ## #.. #.# ##.##
#...# #...# #..@#
#.)s# #..g#######
.#####.........#
...............##.#
.....(.....)...†...
...............###g
.#####...(.....#
#...#######


You could see a gnoll and a giant cockroach.

Vanquished Creatures
  A gnoll (D:2)
  A dart slug (D:2)
  6 bats
  A giant cockroach (D:1)
  2 hobgoblins (D:1)
  A quokka (D:2)
  3 frilled lizards (D:1)
  3 goblins (D:1)
  2 kobolds (D:1)
  4 rats (D:1)
24 creatures vanquished.

Vanquished Creatures (collateral kills)
  A leopard gecko skeleton (D:2)
1 creature vanquished.

Vanquished Creatures (others)
  A gnoll (D:2)
  A leopard gecko (D:2)
2 creatures vanquished.

Grand Total: 27 creatures vanquished

Notes
Turn   | Place    | Note
-------+----------+-------------------------------------------
     0 | D:1      | ScottishVillain the Gnoll Wanderer began the quest for the Orb.
     0 | D:1      | ScottishVillain set off with: a wand of enslavement (15), the Almanac of Unholy Secrets, the Guide on Ice, a +0 robe, a +0 dagger, a ration
     0 | D:1      | Reached XP level 1. HP: 20/20 MP: 4/4
     2 | D:1      | Learned a level 1 spell: Freeze
   452 | D:1      | Reached XP level 2. HP: 23/26 MP: 3/5
  1399 | D:2      | Reached XP level 3. HP: 27/31 MP: 7/7
  1449 | D:2      | Identified the Almanac of Unholy Secrets
  1449 | D:2      | Identified the Guide on Ice
  1493 | D:2      | Slain by a gnoll

Skill      XL: |  1 |
---------------+----+-----
Fire Magic     | 2 |  2.1
Ice Magic      | 2 |  2.1
Fighting       | |  4.5
Short Blades   | |  0.7
Long Blades    | |  0.7
Axes           | |  0.7
Maces & Flails | |  0.7
Polearms       | |  4.5
Staves         | |  0.7
Slings         | |  0.7
Bows           | |  0.7
Crossbows      | |  0.7
Throwing       | |  0.7
Armour         | |  0.7
Dodging        | |  2.6
Stealth        | |  0.7
Shields        | |  2.6
Unarmed Combat | |  0.7
Spellcasting   | |  2.8
Conjurations   | |  0.5
Hexes          | |  0.5
Charms         | |  0.5
Summonings     | |  0.5
Necromancy     | |  0.5
Translocations | |  0.5
Transmutations | |  0.5
Air Magic      | |  0.5
Earth Magic    | |  0.5
Poison Magic   | |  0.5
Invocations    | |  0.9
Evocations     | |  2.6

Action                   || total
-------------------------++-------
Melee: Dagger            ||    13
       Hand axe          ||    21
       Bite              ||    12
       Short sword       ||    44
       Punch             ||     1
 Cast: Freeze            ||    17
Evoke: Wand              ||     5
  Use: Scroll            ||     6
 Stab: Sleeping          ||     2
  Eat: Chunk             ||     2
Armor: Robe              ||    31
       Scale mail        ||    19
Dodge: Dodged            ||    87
